 Dungeon Crawl Stone Soup version 0.31.0-32-g396128a36d (webtiles) character file.

Game seed: 14436060078398281437

649 Ijustatesigmund the Magician (level 7, -6/50 HPs)
             Began as an Octopode Conjurer on Mar 22, 2024.
             Was an Initiate of Cheibriados.
             Mangled by an orc wizard
             ... wielding a +0 flail
              (9 damage)
             ... on level 5 of the Dungeon.
             The game lasted 00:11:41 (6624 turns).

Ijustatesigmund the Magician (Octopode Conjurer)    Turns: 6624, Time: 00:11:42

Health: -6/50      AC:  1    Str: 11    XL:     7   Next: 53%
Magic:  2/14       EV: 13    Int: 22    God:    Cheibriados [......]
Gold:   222        SH:  5    Dex: 15    Spells: 3/15 levels left

rFire   . . .        j - +5 mace of Grace {pain, ^Fragile rN+ Will+++ Str+4}
rCold   . . .        (no shield)
rNeg    + . .        (helmet restricted)
rPois   .            p - amulet of reflection
rElec   .            (no ring)
rCorr   .            (no ring)
SInv    .            (no ring)
Will    +++..        (no ring)
Stlth   ++++         (no ring)
HPRegen 0.28/turn    (no ring)
MPRegen 0.14/turn    (no ring)
                     (no ring)

%: reflection
@: very slightly contaminated, very slow
A: almost no armour, amphibious, 8 rings, camouflage 1, gelatinous body 1,
nimble swimmer 1, tentacles, agile 1, robust 1
a: Renounce Religion


You were on level 5 of the Dungeon.
You worshipped Cheibriados.
Cheibriados was noncommittal.
You visited 1 branch of the dungeon, and saw 5 of its levels.

You collected 250 gold pieces.
You spent 28 gold pieces at shops.

Inventory:

Hand Weapons
 d - a +0 spear
 j - the +5 mace of Grace (weapon) {pain, ^Fragile rN+ Will+++ Str+4}
   (You found it on level 5 of the Dungeon)

   Str+4:     It affects your strength (+4).
   rN+:       It protects you from negative energy.
   Will+++:   It greatly increases your willpower.
   ^Fragile:  It will be destroyed if unequipped.
Jewellery
 h - a ring of resist corrosion
 p - an amulet of reflection (around mantle)
Scrolls
 b - a scroll of revelation {unknown}
 c - a scroll of immolation {unknown}
 e - a scroll of poison {unknown}
 f - a scroll of enchant weapon {unknown}
 g - 2 scrolls of blinking {unknown}
 i - 2 scrolls of fear {unknown}
 l - 2 scrolls of vulnerability {unknown}
 m - a scroll of torment {unknown}
 n - 5 scrolls of identify
 o - a scroll of butterflies {unknown}
Potions
 a - 2 potions of magic


   Skills:
 + Level 3.1 Fighting
 - Level 2.0 Dodging
 - Level 2.6 Stealth
 + Level 4.9 Spellcasting
 - Level 4.6 Conjurations
 + Level 4.1 Translocations
 + Level 1.0 Fire Magic


You had 3 spell levels left.
You knew the following spells:

 Your Spells              Type           Power      Damage    Failure   Level
a - Magic Dart            Conj           100%       1d8       1%          1
b - Searing Ray           Conj           50%        2d6       2%          2
c - Iskenderun's Mystic   Conj/Tloc      24%        2d7       17%         4
d - Fireball              Conj/Fire      8%         3d6       65%         5

Your spell library contained the following spells:

 Spells                   Type           Power      Damage    Failure   Level
 Blink                    Tloc           46%        N/A       2%          2
 Lesser Beckoning         Tloc           46%        N/A       2%          2
 Momentum Strike          Conj/Tloc      48%        3d9       2%          2
 Slow                     Hex            20%        N/A       11%         1
 Call Canine Familiar     Summ           5%         N/A       30%         3
 Confusing Touch          Hex            5%         N/A       30%         3
 Sigil of Binding         Hex            5%         N/A       30%         3
 Vampiric Draining        Necr           5%         2d6       30%         3
 Fulminant Prism          Conj/Alch      7%         3d7       36%         4
 Dimensional Bullseye     Hex/Tloc       7%         N/A       41%         4
 Cause Fear               Hex            2%         N/A       71%         4
 Dragon's Call            Summ           2%         N/A       100%        9


Dungeon Overview and Level Annotations

Branches:
Dungeon (5/15)             Temple (0/1) D:4

Altars:
Cheibriados
Elyvilon
Gozag
Makhleb
Nemelex Xobeh
Okawaru
Uskayaw
Wu Jian

Shops:
D:1 ?   D:5 :

Annotations:
D:4 3 runed translucent doors, onwiheg's ghost, amateur DgCj


Innate Abilities, Weirdness & Mutations

You cannot wear most types of armour.
You are amphibious.
You can wear up to eight rings at the same time.
Your skin changes colour to match your surroundings (Stealth+).
Your rubbery body absorbs attacks. (AC +1, EV +1)
You are camouflaged when in or above water. (Stealth+)
You have tentacles for arms and can constrict up to eight enemies at once.
You are agile. (Dex +4, Str/Int -1)
You are robust. (+10% HP)


Message History

You hear some strange, mumbled words.
A puff of flame appears from out of thin air!
The puff of flame misses you. Something barely misses you. Something hits you.
You thump something!
Cheibriados appreciates the change of pace.
Reactivating autopickup.
You feel a bit more experienced.
You are engulfed in a cloud of scalding steam.
* * * LOW HITPOINT WARNING * * *
Something hits you.
* * * LOW HITPOINT WARNING * * *
Deactivating autopickup; reactivate with Ctrl-A.
Your Fire Magic skill increases to level 1!
Found a sparkling altar of Nemelex Xobeh.
Casting: Magic Dart (safe; 1% risk of failure)
Confirm with . or Enter, or press ? or * to list all spells.
You can't see any susceptible monsters within range! (Use Z to cast anyway.)
Casting: Magic Dart (safe; 1% risk of failure)
Confirm with . or Enter, or press ? or * to list all spells.
You miscast Iskenderun's Mystic Blast.
You are very lightly contaminated with residual magic.
You spin around.
You are magically locked in place.
Something hits you.
* * * LOW HITPOINT WARNING * * *
It was a potion of heal wounds.
You feel much better.
You hear some strange, mumbled words.
A magic dart appears from out of thin air!
The magic dart hits you.
You closely miss something. Something hits you.
You closely miss something. Something hits you.
You barely miss something. You squeeze something. Something hits you!
* * * LOW HITPOINT WARNING * * *
Something hits you!
* * * LOW HITPOINT WARNING * * *
You miss something.
You are no longer firmly anchored in space.
You are no longer robbed of momentum.
Something hits you.
* * * LOW HITPOINT WARNING * * *
You hit something. Something hits you!
You die...

#......## #..≈.#####.≈.#
#.......###..≈.......≈..
..≈≈.≈≈..##..≈≈≈≈≈≈≈≈≈..
...≈.≈...##.............
.≈.....≈.........#...###
.≈≈...≈≈.........#.###
...._............#.)
.≈≈?..≈≈{##.###### .
.≈....)@.##.#
...≈)≈......#
..≈≈.≈≈........
........####...
..)....## .. ....... .
....#.# ....._


There were no monsters in sight!

Vanquished Creatures
  A black bear (D:5)
  2 scorpions (D:5)
  An orc priest (D:5)
  A jelly (D:4)
  A sleepcap (D:4)
  Natasha (twice) (D:2)
  2 orc wizards
  Robin (D:2)
  5 gnolls
  5 adders
  A white imp (D:5)
  2 dart slugs (D:1)
  3 ribbon worms (D:2)
  8 orcs
  5 ball pythons
  11 endoplasms
  6 giant cockroaches
  18 hobgoblins
  4 jackals (D:4)
  5 quokkas
  5 bats
  5 frilled lizards
  15 goblins
  7 kobolds
  5 rats
121 creatures vanquished.

Notes
Turn   | Place    | Note
-------+----------+-------------------------------------------
     0 | D:1      | Ijustatesigmund the Octopode Conjurer began the quest for
                  | the Orb.
     0 | D:1      | Reached XP level 1. HP: 11/11 MP: 3/3
    21 | D:1      | Reached XP level 2. HP: 18/18 MP: 0/5
   355 | D:1      | Reached skill level 1 in Fighting
   407 | D:1      | Reached XP level 3. HP: 14/23 MP: 0/6
   652 | D:1      | Found a faded altar of an unknown god.
   993 | D:1      | Found Atoliarr's Magic Scroll Boutique.
  1018 | D:1      | Bought a scroll of identify for 28 gold pieces
  1661 | D:2      | Noticed Natasha
  1671 | D:2      | Killed Natasha
  1672 | D:2      | Reached XP level 4. HP: 21/29 MP: 8/8
  1804 | D:1      | Learned a level 2 spell: Searing Ray
  1809 | D:1      | Learned a level 4 spell: Iskenderun's Mystic Blast
  1984 | D:2      | Noticed Natasha
  1989 | D:2      | Killed Natasha
  1990 | D:2      | Reached skill level 1 in Translocations
  2297 | D:2      | Reached XP level 5. HP: 34/34 MP: 6/9
  2671 | D:2      | Noticed Robin
  2692 | D:2      | Killed Robin
  3000 | D:2      | Found an opulent altar of Gozag.
  4018 | D:4      | Found a runed translucent gate.
  4018 | D:4      | Found a runed translucent gate.
  4018 | D:4      | Found a runed translucent gate.
  4329 | D:4      | Gained mutation: You have supernaturally acute eyesight.
                  | (SInv) [potion of mutation]
  4329 | D:4      | Gained mutation: You expend magic power (3 MP) to
                  | strengthen your wands. [potion of mutation]
  4329 | D:4      | Gained mutation: You occasionally lose the ability to read
                  | scrolls when taking damage. [potion of mutation]
  4345 | D:3      | Reached XP level 6. HP: 11/39 MP: 4/11
  4924 | D:4      | Noticed an ice beast
  4975 | D:4      | Noticed an ice beast
  4975 | D:4      | Noticed onwiheg's ghost (amateur DgCj)
  5024 | D:4      | Found a white marble altar of Elyvilon.
  5270 | D:4      | Found a staircase to the Ecumenical Temple.
  5470 | D:4      | Found an ornate altar of the Wu Jian Council.
  5788 | D:5      | Entered Level 5 of the Dungeon
  5811 | D:5      | HP: 2/40 [poisoned by a scorpion]
  6062 | D:5      | Found a hide-covered altar of Uskayaw.
  6068 | D:5      | Lost mutation: You have supernaturally acute eyesight.
                  | (SInv) [potion of mutation]
  6068 | D:5      | Lost mutation: You expend magic power (3 MP) to strengthen
                  | your wands. [potion of mutation]
  6068 | D:5      | Lost mutation: You occasionally lose the ability to read
                  | scrolls when taking damage. [potion of mutation]
  6068 | D:5      | Gained mutation: You are robust. (+10% HP) [potion of
                  | mutation]
  6068 | D:5      | Gained mutation: You are agile. (Dex +4, Str/Int -1)
                  | [potion of mutation]
  6116 | D:5      | Found Mywaorru's Book Boutique.
  6144 | D:5      | Noticed a black bear
  6148 | D:5      | Killed a black bear
  6149 | D:5      | Reached XP level 7. HP: 39/49 MP: 7/14
  6448 | D:5      | Found an iron altar of Okawaru.
  6538 | D:5      | Found a snail-covered altar of Cheibriados.
  6540 | D:5      | Identified the +5 mace of Grace {pain, ^Fragile rN+ Will+++
                  | Str+4}
  6556 | D:5      | Became a worshipper of Cheibriados the Contemplative
  6563 | D:5      | Learned a level 5 spell: Fireball
  6571 | D:5      | Found a burning altar of Makhleb.
  6617 | D:5      | Reached skill level 1 in Fire Magic
  6617 | D:5      | Found a sparkling altar of Nemelex Xobeh.
  6623 | D:5      | HP: 2/50 [something (3)]
  6624 | D:5      | Mangled by an orc wizard

Illustrated notes

Levels and vault maps discovered:
D:1:      saegor_arrival_simple_b, layout_basic, serial_shops,
          nicolae_shop_trees, hellmonk_ecumenical_altar_leap_of_faith
D:2:      layout_basic, basic_altar, uniq_robin, uniq_natasha
D:3:      layout_basic, chequers_garden, minmay_unequal
D:4:      layout_rooms, old_standard_altar, marbit_many_paths,
          minmay_temple_entry_enclosed_plants, gammafunk_ghost_icy
D:5:      layout_basic, lemuel_crystal_altar, mainiacjoe_overflow_brackets,
          trog_three_pillars_becter, lemuel_crystal_altar,
          mainiacjoe_overflow_small_starburst, okawaru_altar_gauntlet_db,
          serial_shops, kennysheep_mini

Skill      XL: |  1  2  3  4  5  6  7 |
---------------+----------------------+-----
Fighting       | 1 2 3 |  3.1
Spellcasting   | 3 4 |  4.9
Translocations | 1 2 3 4 |  4.1
Fire Magic     | 1 |  1.0
Dodging        | |  2.0
Stealth        | |  2.6
Conjurations   | |  4.6

Action                     |  1- 3 |  4- 6 |  7- 9 || total
---------------------------+-------+-------+-------++-------
  Melee: Unarmed           |     7 |       |       ||     7
         Constrict         |     5 |    14 |     5 ||    24
         Tentacles         |     5 |    15 |     5 ||    25
         Spear             |     8 |    64 |    15 ||    87
         Mace              |       |       |    15 ||    15
   Cast: Magic Dart        |    54 |   175 |    21 ||   250
         Searing Ray       |       |     7 |       ||     7
    Use: Scroll            |     1 |     2 |       ||     3
         Potion            |       |     5 |     1 ||     6
   Stab: Sleeping          |     2 |     1 |       ||     3
 Armour: Skin              |     7 |    61 |    22 ||    90
  Dodge: Dodged            |    12 |    44 |    15 ||    71
  Block: Other             |       |     9 |     3 ||    12
